[Event "EYCC Open-U10 2019"]
[Site "Bratislava"]
[Date "2019.08.08"]
[Round "7.7"]
[White "Asikainen, Eeli"]
[Black "Salinas Tomas, Daniel"]
[Result "1-0"]
[ECO "B22"]
[WhiteElo "1447"]
[BlackElo "2001"]
[Annotator "NA"]
[PlyCount "93"]
[EventDate "2019.08.02"]
[EventType "swiss"]
[EventCountry "SVK"]
[SourceTitle "playchess.com"]
[Source "ChessBase"]
[SourceQuality "1"]
[TimeControl "40/5400+30:1800+30"]

1. e4 c5 2. c3 Nf6 3. e5 Nd5 4. d4 cxd4 5. cxd4 d6 6. exd6 Qxd6 7. Nc3 Nc6 8. Nf3 Bg4 9. Be2 e6 10. h3 Bh5 11. O-O Be7 12. a3 O-O 13. Re1 Rfd8 14. Be3 Rac8 15. Rc1 a6 16. Ne4 Qc7 17. Ne5 Bxe2 18. Qxe2 Qb6 19. Nxc6 Rxc6 20. Rxc6 Qxc6 21. Rc1 Qd7 22. Nc5 Bxc5 23. Rxc5 Rc8 24. Qc2 Rxc5 25. dxc5 Qc6 26. Bd4 f6 27. b4 b5 28. Bb2 g6 29. Qe4 Kf7 30. Qf3 Ke7 31. Bxf6+ Kd7 32. Bb2 Ke7 33. Be5 Qe8 34. Qd3 Kd7 35. a4 Kc6 36. axb5+ axb5 37. Qa3 Qc8 38. Qa5 Qb7 39. Qd8 Qd7 40. Qb8 Nxb4 41. Qb6+ Kd5 42. c6 Nxc6 43. Qxb5+ Ke4 44. Qe2+ Kf5 45. g4+ Kg5 46. f4+ Kh4 47. Bf6+ {[%emt 0:00:09] Kg5} 1-0

[Event "EYCC Open-U10 2019"]
[Site "Bratislava"]
[Date "2019.08.08"]
[Round "7.8"]
[White "Toktomushev, Teimur"]
[Black "Ljepic, Andrej"]
[Result "1/2-1/2"]
[ECO "A46"]
[WhiteElo "1977"]
[BlackElo "1824"]
[Annotator "NA"]
[PlyCount "55"]
[EventDate "2019.08.02"]
[EventType "swiss"]
[EventCountry "SVK"]
[SourceTitle "playchess.com"]
[Source "ChessBase"]
[SourceQuality "1"]
[TimeControl "40/5400+30:1800+30"]

1. d4 Nf6 2. Nf3 c5 3. c3 e6 4. Bf4 b6 5. e3 Bb7 6. h3 Be7 7. Nbd2 O-O 8. Be2 d6 9. O-O cxd4 10. exd4 Nbd7 11. a4 a6 12. Re1 Qc7 13. Bd3 Rfe8 14. Ne4 Nxe4 15. Bxe4 Bxe4 16. Rxe4 Nf6 17. Re1 Nd5 18. Bg3 b5 19. Qb3 Qc4 20. Nd2 Qxb3 21. Nxb3 Nb6 22. axb5 axb5 23. Na5 Nc4 24. Nxc4 bxc4 25. Rxa8 Rxa8 26. d5 e5 27. f4 f6 28. Re4 1/2-1/2

[Event "EYCC Open-U10 2019"]
[Site "Bratislava"]
[Date "2019.08.08"]
[Round "7.9"]
[White "Zverev, Lev"]
[Black "Gal, Andrej"]
[Result "1-0"]
[ECO "B33"]
[WhiteElo "1849"]
[BlackElo "1705"]
[Annotator "NA"]
[PlyCount "77"]
[EventDate "2019.08.02"]
[EventType "swiss"]
[EventCountry "SVK"]
[SourceTitle "playchess.com"]
[Source "ChessBase"]
[SourceQuality "1"]
[TimeControl "40/5400+30:1800+30"]

1. e4 c5 2. Nf3 Nc6 3. d4 cxd4 4. Nxd4 Nf6 5. Nc3 e5 6. Ndb5 d6 7. Bg5 a6 8. Na3 b5 9. Bxf6 gxf6 10. Nd5 Bg7 11. g3 f5 12. Bg2 O-O 13. exf5 Bxf5 14. Ne3 Ne7 15. Nxf5 Nxf5 16. Qd3 Nd4 17. Bxa8 Qxa8 18. O-O-O Qc6 19. Kb1 e4 20. Qf1 d5 21. c3 Nf3 22. Nc2 Qc5 23. Qe2 Ne5 24. Ne3 Nd3 25. Rhf1 Rb8 26. Qg4 Kh8 27. a3 a5 28. Qg5 Be5 29. Qf5 f6 30. Ng4 Qe7 31. f4 exf3 32. Rxd3 b4 33. axb4 axb4 34. Nxe5 bxc3 35. Rxc3 fxe5 36. Rcxf3 Rxb2+ 37. Kxb2 Qb4+ 38. Rb3 Qd4+ 39. Kb1 1-0

[Event "EYCC Open-U10 2019"]
[Site "Bratislava"]
[Date "2019.08.08"]
[Round "7.10"]
[White "Helms, Finn"]
[Black "Navoyan, Gagik"]
[Result "0-1"]
[ECO "A45"]
[WhiteElo "1787"]
[BlackElo "1670"]
[Annotator "NA"]
[PlyCount "88"]
[EventDate "2019.08.02"]
[EventType "swiss"]
[EventCountry "SVK"]
[SourceTitle "playchess.com"]
[Source "ChessBase"]
[SourceQuality "1"]
[TimeControl "40/5400+30:1800+30"]

1. d4 Nf6 2. Bf4 d5 3. e3 c5 4. c3 Nc6 5. Nd2 Qb6 6. Qb3 c4 7. Qc2 g6 8. e4 Nxe4 9. Nxe4 dxe4 10. Bxc4 Bg7 11. Ne2 Bf5 12. Be3 Qc7 13. O-O O-O 14. Bb3 Rac8 15. Rac1 Qd7 16. Qb1 e5 17. d5 Na5 18. Rfd1 Nxb3 19. axb3 Bg4 20. Qc2 f5 21. Bxa7 b5 22. Bb6 f4 23. Qxe4 f3 24. Ng3 Rf4 25. Qd3 fxg2 26. Re1 Bf3 27. Ne2 e4 28. Qe3 Rh4 29. Qg5 Rh5 30. Qg3 Be5 31. Nf4 Qf5 32. Nxh5 Qxh5 33. d6 Bxg3 34. fxg3 Qd5 35. c4 Qxd6 36. Be3 bxc4 37. bxc4 Qb4 38. c5 Qxb2 39. Bf2 Qb4 40. Rb1 Qc4 41. Rec1 Qd3 42. Rb6 e3 43. Rb2 exf2+ 44. Rxf2 Rd8 0-1

[Event "EYCC Open-U10 2019"]
[Site "Bratislava"]
[Date "2019.08.08"]
[Round "7.11"]
[White "Yonal, Timur"]
[Black "Zienkiewicz, Jan"]
[Result "1-0"]
[ECO "A57"]
[WhiteElo "1512"]
[BlackElo "1804"]
[Annotator "NA"]
[PlyCount "125"]
[EventDate "2019.08.02"]
[EventType "swiss"]
[EventCountry "SVK"]
[SourceTitle "playchess.com"]
[Source "ChessBase"]
[SourceQuality "1"]
[TimeControl "40/5400+30:1800+30"]

1. d4 Nf6 2. c4 c5 3. d5 b5 4. cxb5 a6 5. Nc3 d6 6. e4 g6 7. Nf3 Bg7 8. Be2 O-O 9. O-O axb5 10. Bxb5 Ba6 11. Qe2 Bxb5 12. Nxb5 Na6 13. Bd2 Nc7 14. Nxc7 Qxc7 15. Bc3 Rfb8 16. a3 Nd7 17. Bxg7 Kxg7 18. Ra2 Rb6 19. Nd2 Rab8 20. Nc4 Rb3 21. f4 f6 22. Re1 Kf7 23. Qg4 Nb6 24. Na5 Rd3 25. Qe2 c4 26. Nc6 Re8 27. Rc1 Rb3 28. Kh1 c3 29. Rxc3 Rxc3 30. bxc3 e6 31. c4 Kg7 32. Qd3 Na4 33. Re2 Nc5 34. Qc2 Qb6 35. Re1 exd5 36. cxd5 Qa6 37. h3 Qxa3 38. e5 dxe5 39. fxe5 fxe5 40. d6 h6 41. Rd1 Nd7 42. Ne7 Nf8 43. Qc7 Qb3 44. Rf1 Qb5 45. Nf5+ Kf6 46. Ng3+ Ke6 47. Rxf8 Rxf8 48. Qe7+ Kd5 49. Qxf8 e4 50. Qa8+ Kxd6 51. Qxe4 Qg5 52. Qd4+ Ke6 53. Qc4+ Ke7 54. Ne4 Qf4 55. Qb4+ Ke6 56. Nc5+ Kf5 57. g4+ Kg5 58. Ne6+ Kh4 59. Qxf4 g5 60. Qf2+ Kxh3 61. Qg2+ Kh4 62. Nf8 h5 63. Ng6# 1-0

[Event "EYCC Open-U10 2019"]
[Site "Bratislava"]
[Date "2019.08.08"]
[Round "7.12"]
[White "Bazilius, Augustinas"]
[Black "Giang, Tran Nam"]
[Result "0-1"]
[ECO "D08"]
[WhiteElo "1666"]
[BlackElo "1931"]
[Annotator "NA"]
[PlyCount "50"]
[EventDate "2019.08.02"]
[EventType "swiss"]
[EventCountry "SVK"]
[SourceTitle "playchess.com"]
[Source "ChessBase"]
[SourceQuality "1"]
[TimeControl "40/5400+30:1800+30"]

1. d4 d5 2. c4 e5 3. dxe5 d4 4. Nf3 Nc6 5. Bg5 Be7 6. Bxe7 Ngxe7 7. Nbd2 Be6 8. Rc1 Nf5 9. Nb3 Qe7 10. Qd2 O-O-O 11. a3 f6 12. exf6 Qxf6 13. Nc5 Rhe8 14. b4 h6 15. a4 Bf7 16. Nd3 Bh5 17. Kd1 g5 18. h3 Nd6 19. Nc5 b6 20. Nd3 Ne4 21. Qe1 Nc3+ 22. Kc2 Bg6 23. Qd2 Nxb4+ 24. Kb3 Nc6 25. g4 Na5+ 0-1

[Event "EYCC Open-U10 2019"]
[Site "Bratislava"]
[Date "2019.08.08"]
[Round "7.13"]
[White "Deveci, Huseyin Said"]
[Black "Gusev, Mikhail"]
[Result "0-1"]
[ECO "C01"]
[WhiteElo "1558"]
[BlackElo "1575"]
[Annotator "NA"]
[PlyCount "138"]
[EventDate "2019.08.02"]
[EventType "swiss"]
[EventCountry "SVK"]
[SourceTitle "playchess.com"]
[Source "ChessBase"]
[SourceQuality "1"]
[TimeControl "40/5400+30:1800+30"]

1. e4 e6 2. d4 d5 3. exd5 exd5 4. Nf3 Nc6 5. c3 Bd6 6. Bd3 Bg4 7. O-O Qd7 8. Re1+ Nge7 9. Nbd2 O-O-O 10. a4 h5 11. b4 h4 12. a5 Ng6 13. Bxg6 fxg6 14. b5 Ne7 15. Ba3 Bxa3 16. Rxa3 h3 17. Ne5 Bxd1 18. Nxd7 Kxd7 19. Rxd1 hxg2 20. Nf3 Rh5 21. Kxg2 Nf5 22. Re1 Rdh8 23. Rh1 Nh4+ 24. Nxh4 Rxh4 25. f3 Re8 26. Ra2 Re3 27. Rc2 Rf4 28. Rf1 g5 29. h3 g6 30. Rff2 Rf5 31. Kg3 a6 32. bxa6 bxa6 33. c4 Rd3 34. cxd5 Rxd5 35. Rc1 c6 36. Rfc2 Rd6 37. Rc5 Rf6 38. Rxg5 Rdxf3+ 39. Kg2 R3f5 40. Rc5 Rxc5 41. dxc5 Ke6 42. Kg3 Kf7 43. Kg4 Rf1 44. h4 Kf6 45. Kh3 Rh1+ 46. Kg3 Ra1 47. Rg4 Rxa5 48. Rf4+ Kg7 49. Rc4 Rb5 50. Kf4 Kf6 51. Ke3 a5 52. Kd4 Rb4 53. Rxb4 axb4 54. Kc4 Ke5 55. Kxb4 Kd4 56. Kb3 Kxc5 57. Kc3 Kd5 58. Kb4 Kd4 59. Kb3 c5 60. Kc2 Kc4 61. Kd2 Kb3 62. Ke3 c4 63. Kf4 c3 64. Kg5 c2 65. Kxg6 c1=Q 66. h5 Kc4 67. h6 Kd5 68. Kg7 Qg5+ 69. Kh7 Ke6 0-1

[Event "EYCC Open-U10 2019"]
[Site "Bratislava"]
[Date "2019.08.08"]
[Round "7.14"]
[White "Wielgus, Wojciech"]
[Black "Tabuenca Mendataurigoitia, Dani"]
[Result "1/2-1/2"]
[ECO "B00"]
[WhiteElo "1655"]
[BlackElo "1765"]
[Annotator "NA"]
[PlyCount "118"]
[EventDate "2019.08.02"]
[EventType "swiss"]
[EventCountry "SVK"]
[SourceTitle "playchess.com"]
[Source "ChessBase"]
[SourceQuality "1"]
[TimeControl "40/5400+30:1800+30"]

1. e4 Nc6 2. d4 d5 3. e5 Bf5 4. h4 Qd7 5. c3 f6 6. f4 e6 7. Bd3 Bxd3 8. Qxd3 Nge7 9. Ne2 h5 10. Ng3 O-O-O 11. Be3 f5 12. Ne2 Ng8 13. b4 Nh6 14. a4 Ng4 15. a5 Bxb4 16. Na3 Bxa5 17. Nb5 a6 18. Na7+ Nxa7 19. Rxa5 Qc6 20. O-O b5 21. Rfa1 Kb7 22. Nc1 Ra8 23. Nb3 Nc8 24. Nc5+ Kb8 25. Nxa6+ Rxa6 26. Rxa6 Nb6 27. Bc1 Qd7 28. Ba3 Qd8 29. g3 c6 30. Bd6+ Kc8 31. Ra8+ Nxa8 32. Rxa8+ Kb7 33. Rxd8 Rxd8 34. Qb1 Ra8 35. Kg2 Ra4 36. Kf3 Nh2+ 37. Ke3 Ng4+ 38. Kd3 g6 39. Qb2 Kb6 40. Bc5+ Kb7 41. Bb4 Kb6 42. Ba3 Kb7 43. Ke2 Kb6 44. Qc1 Kb7 45. Bb2 Kb6 46. Qd2 Kb7 47. Kd3 Kb6 48. Kc2 Kb7 49. Kb3 Kb6 50. Ba3 Kb7 51. Kb2 Kb6 52. c4 dxc4 53. d5 cxd5 54. Qd4+ Ka6 55. Qc5 c3+ 56. Qxc3 Rc4 57. Qd2 Re4 58. Qc2 Rc4 59. Qd2 Re4 1/2-1/2

[Event "EYCC Open-U10 2019"]
[Site "Bratislava"]
[Date "2019.08.08"]
[Round "7.15"]
[White "Simbelov, Roman T."]
[Black "Ermitsch, Magnus"]
[Result "1-0"]
[ECO "B47"]
[WhiteElo "1560"]
[BlackElo "1750"]
[Annotator "NA"]
[PlyCount "109"]
[EventDate "2019.08.02"]
[EventType "swiss"]
[EventCountry "SVK"]
[SourceTitle "playchess.com"]
[Source "ChessBase"]
[SourceQuality "1"]
[TimeControl "40/5400+30:1800+30"]

1. e4 c5 2. Nf3 e6 3. d4 cxd4 4. Nxd4 Nc6 5. Nc3 Qc7 6. g3 a6 7. Bg2 Nf6 8. O-O Nxd4 9. Qxd4 Bc5 10. Qd3 Ng4 11. Qe2 h5 12. Bf4 Ne5 13. h4 d6 14. Rad1 Bd7 15. Rd2 Nc4 16. Rdd1 Ne5 17. Be3 Rd8 18. Bg5 f6 19. Be3 b5 20. Bxc5 Qxc5 21. Qd2 b4 22. Ne2 Nc4 23. Qc1 Bb5 24. Nf4 Kf7 25. Nd3 Qb6 26. Nxb4 Rb8 27. Nd3 Rhc8 28. a4 Be8 29. b3 Na5 30. Qd2 Rc7 31. Nf4 Nb7 32. Bh3 Bd7 33. Qd3 Nc5 34. Qxd6 Nxe4 35. Qd3 f5 36. Bxf5 exf5 37. Nd5 Nc5 38. Qc4 Be6 39. Nxb6 Bxc4 40. Nxc4 Kf8 41. a5 Rb5 42. Rfe1 Nb7 43. Kg2 Kg8 44. Ra1 Kf7 45. Re5 Rxe5 46. Nxe5+ Ke6 47. Nc4 Kd5 48. Rd1+ Kc5 49. c3 Re7 50. Ne3 Re5 51. Rd7 Nxa5 52. b4+ Kc6 53. Rxg7 Nb7 54. Rg6+ Kb5 55. c4+ 1-0

[Event "EYCC Open-U10 2019"]
[Site "Bratislava"]
[Date "2019.08.08"]
[Round "7.16"]
[White "Medhus, Vitus Bondo"]
[Black "Shearsby, Jude"]
[Result "1/2-1/2"]
[ECO "B00"]
[WhiteElo "1704"]
[BlackElo "1486"]
[Annotator "NA"]
[PlyCount "65"]
[EventDate "2019.08.02"]
[EventType "swiss"]
[EventCountry "SVK"]
[SourceTitle "playchess.com"]
[Source "ChessBase"]
[SourceQuality "1"]
[TimeControl "40/5400+30:1800+30"]

1. e4 Nc6 2. Nf3 d6 3. d4 Nf6 4. Nc3 g6 5. d5 Nb8 6. h3 Bg7 7. Bc4 O-O 8. O-O c6 9. a4 cxd5 10. exd5 Nbd7 11. a5 Nc5 12. Re1 Bf5 13. Nd4 Bc8 14. b4 Ncd7 15. Bf4 Nh5 16. Bh2 Ne5 17. Bb3 Re8 18. f4 Nd7 19. Rc1 Nf8 20. Ne4 Nf6 21. c4 Nxe4 22. Rxe4 Nd7 23. f5 Nf6 24. Rf4 Bh6 25. fxg6 hxg6 26. Rh4 Bg5 27. Qe1 Bxh4 28. Qxh4 Kg7 29. c5 dxc5 30. Nb5 Rh8 31. Qf2 Bd7 32. Nc7 Rc8 33. Rxc5 1/2-1/2

[Event "EYCC Open-U10 2019"]
[Site "Bratislava"]
[Date "2019.08.08"]
[Round "7.17"]
[White "Gordeev, Denis"]
[Black "Agasarov, Benik"]
[Result "1/2-1/2"]
[ECO "A45"]
[WhiteElo "1467"]
[BlackElo "1697"]
[Annotator "NA"]
[PlyCount "77"]
[EventDate "2019.08.02"]
[EventType "swiss"]
[EventCountry "SVK"]
[SourceTitle "playchess.com"]
[Source "ChessBase"]
[SourceQuality "1"]
[TimeControl "40/5400+30:1800+30"]

1. d4 Nf6 2. Nc3 d5 3. Bf4 c6 4. e3 Bf5 5. f3 e6 6. g4 Bg6 7. h4 h5 8. g5 Ng8 9. Bd3 Bxd3 10. Qxd3 Bd6 11. Nge2 Ne7 12. O-O-O Na6 13. e4 Bxf4+ 14. Nxf4 g6 15. Rhe1 Qd6 16. Qe3 Nc7 17. Nd3 O-O 18. Ne5 b5 19. Ne2 a5 20. Ng3 Kg7 21. Qf4 Ne8 22. Kb1 a4 23. Qe3 Qc7 24. Qc3 Rc8 25. Ne2 Nd6 26. Nf4 Nc4 27. Nfd3 Nxe5 28. Nxe5 Qd6 29. Nd3 Rfd8 30. Nc5 Re8 31. Qe3 Qg3 32. Nd7 Qc7 33. Nc5 Rcd8 34. c3 Qg3 35. Rh1 Qb8 36. Nd3 Rd7 37. Ne5 Rb7 38. a3 Qc7 39. Nd3 1/2-1/2

[Event "EYCC Open-U10 2019"]
[Site "Bratislava"]
[Date "2019.08.08"]
[Round "7.18"]
[White "Tykheev, Aldar"]
[Black "Panda, Barnabas"]
[Result "1-0"]
[ECO "D05"]
[WhiteElo "1434"]
[BlackElo "1625"]
[Annotator "NA"]
[PlyCount "105"]
[EventDate "2019.08.02"]
[EventType "swiss"]
[EventCountry "SVK"]
[SourceTitle "playchess.com"]
[Source "ChessBase"]
[SourceQuality "1"]
[TimeControl "40/5400+30:1800+30"]

1. d4 Nf6 2. Nf3 d5 3. e3 e6 4. Bd3 Be7 5. b3 O-O 6. O-O b6 7. Bb2 Bb7 8. Nbd2 Nbd7 9. Ne5 c5 10. f4 Ne4 11. Rf3 f5 12. Rh3 Nxe5 13. dxe5 Nxd2 14. Qxd2 d4 15. exd4 cxd4 16. Bc4 Bd5 17. Bxd5 Qxd5 18. Rd3 Rfd8 19. Bxd4 Qc6 20. Rd1 Rac8 21. c4 Qe4 22. Bf2 Rxd3 23. Qxd3 Rd8 24. Qxe4 Rxd1+ 25. Qe1 Rxe1+ 26. Bxe1 Kf8 27. Kf1 Ke8 28. Ke2 Kd7 29. Bf2 Kc6 30. Kd3 a6 31. Kc3 b5 32. b4 bxc4 33. Kxc4 g5 34. g3 gxf4 35. gxf4 Bd8 36. a4 Be7 37. b5+ axb5+ 38. axb5+ Kb7 39. Be3 Bd8 40. Bf2 Be7 41. Kd3 Bd8 42. Bc5 Bc7 43. Ke2 Bb6 44. Bf2 Bxf2 45. Kxf2 Kb6 46. Kg3 Kxb5 47. Kh4 Kc4 48. Kg5 Kd4 49. Kf6 Ke4 50. Kxe6 Kxf4 51. Kd5 Kf3 52. e6 f4 53. e7 {[%emt 0:00:00] Kg3} 1-0

[Event "EYCC Open-U10 2019"]
[Site "Bratislava"]
[Date "2019.08.08"]
[Round "7.20"]
[White "Dyachuk, Artem"]
[Black "Povshednyi, Ivan"]
[Result "1-0"]
[ECO "A57"]
[WhiteElo "1538"]
[BlackElo "1872"]
[Annotator "NA"]
[PlyCount "69"]
[EventDate "2019.08.02"]
[EventType "swiss"]
[EventCountry "SVK"]
[SourceTitle "playchess.com"]
[Source "ChessBase"]
[SourceQuality "1"]
[TimeControl "40/5400+30:1800+30"]

1. d4 Nf6 2. c4 c5 3. d5 b5 4. cxb5 a6 5. b6 g6 6. Nc3 Bg7 7. e4 O-O 8. Qb3 Bb7 9. a4 a5 10. Nf3 d6 11. Nd2 Nbd7 12. Nc4 Ng4 13. Nb5 f5 14. h3 Nge5 15. Nxe5 Nxe5 16. Nc7 fxe4 17. Ne6 Qc8 18. Nxf8 Qxf8 19. Be3 Qd8 20. Be2 Qc8 21. Rc1 Kh8 22. O-O Ba6 23. Bxa6 Qxa6 24. Qb5 Nd3 25. b7 Qa7 26. bxa8=Q+ Qxa8 27. Rc4 Ne5 28. Rxe4 h5 29. Rxe5 Bxe5 30. Qc6 Qf8 31. Qd7 Qg7 32. Bg5 Qf7 33. Qd8+ Kh7 34. Qxe7 Qxe7 35. Bxe7 1-0

[Event "EYCC Open-U10 2019"]
[Site "Bratislava"]
[Date "2019.08.08"]
[Round "7.21"]
[White "Sapocinic, Semion"]
[Black "Papaioannou, Dimitrios"]
[Result "1-0"]
[ECO "C77"]
[WhiteElo "1781"]
[BlackElo "1629"]
[Annotator "NA"]
[PlyCount "91"]
[EventDate "2019.08.02"]
[EventType "swiss"]
[EventCountry "SVK"]
[SourceTitle "playchess.com"]
[Source "ChessBase"]
[SourceQuality "1"]
[TimeControl "40/5400+30:1800+30"]

1. e4 e5 2. Nf3 Nc6 3. Bb5 a6 4. Ba4 Nf6 5. d3 b5 6. Bb3 Be7 7. O-O d6 8. c3 O-O 9. Nbd2 Na5 10. Bc2 c5 11. Re1 Re8 12. Nf1 Nc6 13. Ng3 Be6 14. Ng5 Qd7 15. Nxe6 fxe6 16. Nh5 Rf8 17. Nxf6+ Bxf6 18. Be3 Rac8 19. Qg4 Rfe8 20. h4 Qe7 21. h5 d5 22. exd5 exd5 23. Bb3 Rcd8 24. a4 Kh8 25. axb5 axb5 26. Ra6 Qb7 27. Rea1 d4 28. cxd4 exd4 29. Bf4 Ne5 30. Bxe5 Rxe5 31. Ra7 Qc8 32. Qf3 Qf5 33. Qxf5 Rxf5 34. h6 b4 35. Rc7 Re8 36. g3 Rfe5 37. Raa7 R5e7 38. Rxe7 Bxe7 39. Bf7 Rf8 40. Rxe7 gxh6 41. Re8 Kg7 42. Rxf8 Kxf8 43. Bc4 Ke7 44. Kg2 Kf6 45. Kf3 Kf5 46. Bg8 1-0

[Event "EYCC Open-U10 2019"]
[Site "Bratislava"]
[Date "2019.08.08"]
[Round "7.22"]
[White "Sauer, Tim"]
[Black "Efimov, Leonid"]
[Result "0-1"]
[ECO "A13"]
[WhiteElo "1635"]
[BlackElo "1773"]
[Annotator "NA"]
[PlyCount "104"]
[EventDate "2019.08.02"]
[EventType "swiss"]
[EventCountry "SVK"]
[SourceTitle "playchess.com"]
[Source "ChessBase"]
[SourceQuality "1"]
[TimeControl "40/5400+30:1800+30"]

1. c4 e6 2. Nf3 d5 3. g3 dxc4 4. Bg2 Nf6 5. O-O Nbd7 6. Qc2 Nb6 7. Na3 Bxa3 8. bxa3 Bd7 9. Bb2 Ba4 10. Qc3 Bc6 11. Qe5 Qd6 12. Qg5 Nbd7 13. Qxg7 Rg8 14. Qh6 Rg6 15. Qh4 Bd5 16. Rfe1 O-O-O 17. Bxf6 Nxf6 18. e4 Bc6 19. e5 Qxa3 20. Qxc4 Bxf3 21. Re3 Bd5 22. Qxd5 Qb2 23. Qxb7+ Qxb7 24. Bxb7+ Kxb7 25. exf6 Rxd2 26. Rf3 Rg5 27. Rb1+ Kc8 28. Ra3 Rf5 29. f4 Rxf6 30. Rxa7 Rc2 31. Rb3 e5 32. Ra8+ Kd7 33. Rd3+ Ke7 34. Re3 Rd6 35. Rxe5+ Kf6 36. Re1 Rdd2 37. Ra6+ Kg7 38. a4 Rg2+ 39. Kh1 Rxh2+ 40. Kg1 Rcg2+ 41. Kf1 Ra2 42. Kg1 Rag2+ 43. Kf1 Rxg3 44. a5 h5 45. Ra8 Ra3 46. Kg1 Raa2 47. a6 h4 48. a7 h3 49. Rg8+ Kxg8 50. a8=Q+ Kg7 51. Kf1 Rxa8 52. Kg1 Raa2 0-1

[Event "EYCC Open-U10 2019"]
[Site "Bratislava"]
[Date "2019.08.08"]
[Round "7.23"]
[White "Rudnev, Andrei"]
[Black "Csernyik, Mark"]
[Result "1-0"]
[ECO "B01"]
[WhiteElo "1607"]
[BlackElo "1648"]
[Annotator "NA"]
[PlyCount "81"]
[EventDate "2019.08.02"]
[EventType "swiss"]
[EventCountry "SVK"]
[SourceTitle "playchess.com"]
[Source "ChessBase"]
[SourceQuality "1"]
[TimeControl "40/5400+30:1800+30"]

1. e4 d5 2. exd5 Qxd5 3. Nc3 Qd6 4. d4 Nf6 5. Nf3 a6 6. g3 Bg4 7. h3 Bh5 8. Bg2 Nc6 9. O-O O-O-O 10. Bf4 Qd7 11. g4 Bg6 12. Ne2 h5 13. g5 Nd5 14. Bg3 Bf5 15. Kh2 e6 16. a3 Bd6 17. Qd2 h4 18. Bxd6 Qxd6+ 19. Kh1 e5 20. c4 Nde7 21. d5 e4 22. Nfd4 Ne5 23. Nxf5 Nxf5 24. Qf4 g6 25. Bxe4 Ng7 26. c5 Qe7 27. Nc3 Nh5 28. Qe3 Kb8 29. Bg2 Rhe8 30. Rfe1 Qf8 31. Qd4 Nd7 32. c6 bxc6 33. dxc6 Nb6 34. Qxh4 Rd2 35. Na4 Rxe1+ 36. Rxe1 Qd6 37. Nxb6 cxb6 38. Qg4 Ng7 39. c7+ Qxc7 40. Qf3 Qa7 41. Qf4+ 1-0

[Event "EYCC Open-U10 2019"]
[Site "Bratislava"]
[Date "2019.08.08"]
[Round "7.24"]
[White "Haubold, Sebastian Marcel"]
[Black "Hvozdz, Aliaksandr"]
[Result "1/2-1/2"]
[ECO "B01"]
[WhiteElo "1455"]
[BlackElo "1699"]
[Annotator "NA"]
[PlyCount "89"]
[EventDate "2019.08.02"]
[EventType "swiss"]
[EventCountry "SVK"]
[SourceTitle "playchess.com"]
[Source "ChessBase"]
[SourceQuality "1"]
[TimeControl "40/5400+30:1800+30"]

1. e4 d5 2. exd5 Qxd5 3. Nc3 Qd6 4. d4 Nf6 5. Nf3 c6 6. Ne5 Nbd7 7. Bf4 Nd5 8. Bg3 Qe6 9. Be2 Nxe5 10. Bxe5 Nxc3 11. bxc3 Qg6 12. O-O Bf5 13. Bh5 Bxc2 14. Bxg6 Bxd1 15. Bxf7+ Kxf7 16. Rfxd1 e6 17. Rab1 b5 18. c4 a6 19. Rdc1 Be7 20. cxb5 cxb5 21. Rc7 Rhc8 22. Rbc1 Rxc7 23. Rxc7 g6 24. Kf1 a5 25. Bd6 Re8 26. Ra7 Kf8 27. Bxe7+ Rxe7 28. Rxa5 Rb7 29. Ke2 b4 30. Rc5 b3 31. axb3 Rxb3 32. Rc8+ Kf7 33. Rc7+ Kg8 34. Re7 Rb6 35. Kf3 h5 36. Kf4 Kf8 37. Rd7 Rb5 38. Rc7 Rf5+ 39. Ke3 Rb5 40. Rc5 Rb2 41. d5 exd5 42. Rxd5 Ke7 43. Rd2 Rb4 44. f3 Ke6 45. Rd4 1/2-1/2

[Event "EYCC Open-U10 2019"]
[Site "Bratislava"]
[Date "2019.08.08"]
[Round "7.25"]
[White "Deladerriere, Apollo"]
[Black "Sowinski, Pawel"]
[Result "1/2-1/2"]
[ECO "B23"]
[WhiteElo "1696"]
[BlackElo "1644"]
[Annotator "NA"]
[PlyCount "163"]
[EventDate "2019.08.02"]
[EventType "swiss"]
[EventCountry "SVK"]
[SourceTitle "playchess.com"]
[Source "ChessBase"]
[SourceQuality "1"]
[TimeControl "40/5400+30:1800+30"]

1. e4 c5 2. Nc3 d6 3. f4 g6 4. Nf3 Bg7 5. Bc4 Nc6 6. d3 e6 7. O-O Nge7 8. Qe1 Nd4 9. Nxd4 cxd4 10. Ne2 O-O 11. g4 f5 12. g5 Kh8 13. exf5 Nxf5 14. Ng3 e5 15. Bd5 Qe7 16. Bd2 exf4 17. Bxf4 Ne3 18. Bxe3 Rxf1+ 19. Nxf1 dxe3 20. Qxe3 Qxe3+ 21. Nxe3 Bd7 22. c3 Re8 23. Nc4 Be5 24. Rf1 b5 25. Nxe5 dxe5 26. Rf7 Bf5 27. Bc6 Rb8 28. Rxa7 b4 29. Rb7 Rc8 30. Bd5 bxc3 31. bxc3 Bxd3 32. Re7 e4 33. Be6 Rf8 34. Bd5 Rc8 35. Bxe4 Bxe4 36. Rxe4 Rxc3 37. a4 Ra3 38. Re8+ Kg7 39. Re7+ Kg8 40. Ra7 Rh3 41. Kg2 Rh5 42. Ra5 h6 43. Kg3 hxg5 44. Ra8+ Kf7 45. a5 Rh4 46. a6 Ra4 47. Kf3 g4+ 48. Ke3 Kf6 49. Kf2 Kg5 50. a7 Ra2+ 51. Ke3 Ra3+ 52. Kd4 Ra4+ 53. Kc5 Ra2 54. Kc4 Ra4+ 55. Kb3 Ra6 56. Kc4 Ra5 57. Kc3 Ra6 58. Kd4 Ra5 59. Kc4 Ra4+ 60. Kc5 Ra2 61. Kd4 Ra4+ 62. Kc3 Ra3+ 63. Kb2 Ra6 64. Kb3 Ra5 65. Kb4 Ra6 66. Kc5 Ra2 67. Kb6 Rxh2 68. Re8 Rb2+ 69. Kc5 Ra2 70. a8=Q Rxa8 71. Rxa8 g3 72. Kd4 g2 73. Ra1 Kg4 74. Ke3 Kg3 75. Ke2 g5 76. Ra3+ Kh2 77. Ra1 g1=Q 78. Rxg1 Kxg1 79. Kf3 Kh2 80. Kg4 Kg2 81. Kf5 Kh3 82. Kxg5 1/2-1/2

[Event "EYCC Open-U10 2019"]
[Site "Bratislava"]
[Date "2019.08.08"]
[Round "7.26"]
[White "Gut, Lionel"]
[Black "Batozhargalov, Erdem"]
[Result "1/2-1/2"]
[ECO "D08"]
[WhiteElo "1583"]
[BlackElo "1080"]
[Annotator "NA"]
[PlyCount "78"]
[EventDate "2019.08.02"]
[EventType "swiss"]
[EventCountry "SVK"]
[SourceTitle "playchess.com"]
[Source "ChessBase"]
[SourceQuality "1"]
[TimeControl "40/5400+30:1800+30"]

1. d4 d5 2. c4 e5 3. dxe5 d4 4. Nf3 Nc6 5. Nbd2 Nge7 6. a3 Ng6 7. Nb3 Ngxe5 8. Nxe5 Nxe5 9. Qxd4 Qxd4 10. Nxd4 c6 11. e3 Be7 12. Be2 O-O 13. O-O c5 14. Nb5 Bd7 15. Nc7 Rac8 16. Nd5 Bd8 17. Bd2 Nc6 18. Rfd1 Kh8 19. Bc3 Bf5 20. Nf4 Ba5 21. Bxa5 Nxa5 22. Rac1 h6 23. Bf3 b6 24. Bd5 Nc6 25. h3 Ne7 26. f3 Nxd5 27. cxd5 g5 28. Nh5 f6 29. e4 Bg6 30. Ng3 h5 31. Re1 Rfe8 32. Rcd1 Rcd8 33. Rd2 h4 34. Nf1 Kg7 35. Kf2 Kf7 36. Nh2 Bh5 37. Ng4 Bxg4 38. hxg4 Kg6 39. d6 Kf7 1/2-1/2

[Event "EYCC Open-U10 2019"]
[Site "Bratislava"]
[Date "2019.08.08"]
[Round "7.27"]
[White "La Barbera, Manfredi"]
[Black "Englisch, Tobias"]
[Result "0-1"]
[ECO "B21"]
[WhiteElo "1479"]
[BlackElo "1643"]
[Annotator "NA"]
[PlyCount "72"]
[EventDate "2019.08.02"]
[EventType "swiss"]
[EventCountry "SVK"]
[SourceTitle "playchess.com"]
[Source "ChessBase"]
[SourceQuality "1"]
[TimeControl "40/5400+30:1800+30"]

1. e4 c5 2. d4 cxd4 3. c3 Nf6 4. e5 Nd5 5. cxd4 Nc6 6. Nf3 d6 7. Bb5 Bd7 8. Qb3 e6 9. O-O a6 10. Bc4 Na5 11. Qc2 Rc8 12. b3 b5 13. Bd2 bxc4 14. Bxa5 Qxa5 15. bxc4 Nb6 16. Nbd2 Bb5 17. Rfc1 Nxc4 18. a4 Nb6 19. Qe4 Rxc1+ 20. Rxc1 d5 21. Qc2 Bc4 22. Rb1 Bb4 23. Qb2 Bxd2 24. Nxd2 O-O 25. Qb4 Qxb4 26. Rxb4 Rb8 27. Nxc4 dxc4 28. Kf1 a5 29. Rb5 c3 30. Ke2 c2 31. Kd2 Rc8 32. Rc5 Rxc5 33. dxc5 Nxa4 34. c6 Nb6 35. Kxc2 Kf8 36. Kb3 Ke7 0-1